 Dungeon Crawl Stone Soup version 0.23-a0-407-g92528d7c89 (webtiles) character file.

2268 Zesh the Unseen (level 9, -13/40 HPs)
             Began as a Spriggan Enchanter on Nov 7, 2018.
             Was a Priest of Dithmenos.
             Killed from afar by Vakaro's ghost (28 damage)
             ... with a spray of energy
             ... on level 8 of the Dungeon.
             The game lasted 00:18:15 (8132 turns).

Zesh the Unseen (Spriggan Enchanter)                Turns: 8132, Time: 00:18:15

Health: -13/40     AC:  3    Str:  6    XL:     9   Next: 16%
Magic:  4/19       EV: 33    Int: 17    God:    Dithmenos [***...]
Gold:   305        SH:  0    Dex: 15    Spells: 6/18 levels left

rFire    . . .     SeeInvis +   a - +1 dagger
rCold    . . .     Gourm    .   (shield restricted)
rNeg     . . .     Faith    .   b - +1 robe
rPois    .         Spirit   .   (helmet restricted)
rElec    .         Reflect  .   (no cloak)
rCorr    +         Harm     .   (gloves unavailable)
MR       +....                  (boots unavailable)
Stlth    +++.......             n - amulet of the acrobat
HPRegen  0.13/turn              g - ring of resist corrosion
MPRegen  0.16/turn              (no ring)

@: confused, lethally poisoned (-13 -> -15), wreathed by umbra, very quick
A: very small, unfitting armour, horns 1, see invisible, clumsy 1, herbivore,
speed 3, high mp 1, slow metabolism 2
a: Shadow Step, Renounce Religion


You were on level 8 of the Dungeon.
You worshipped Dithmenos.
Dithmenos was most pleased with you.
You were hungry.

You visited 1 branch of the dungeon, and saw 8 of its levels.

You collected 305 gold pieces.

Inventory:

Hand Weapons
 a - a +1 dagger (weapon)
Armour
 b - a +1 robe (worn)
Jewellery
 g - a ring of resist corrosion (left hand)
 n - an amulet of the acrobat (around neck)
 s - a +2 amulet of reflection {unknown}
Wands
 j - a wand of random effects (22)
 p - a wand of acid (5)
Scrolls
 f - 2 scrolls of magic mapping
 h - 3 scrolls of remove curse
 m - a scroll of amnesia
 o - a scroll of fear
 r - a scroll of identify
 t - 2 scrolls of teleportation
Potions
 c - a potion of lignification
 e - 3 potions of curing
 i - a potion of cancellation
 k - a potion of brilliance
 l - 2 potions of heal wounds
 q - a potion of flight
Comestibles
 d - 8 rations


   Skills:
 + Level 0.5 Fighting
 + Level 1.5 Short Blades
 + Level 3.5 Dodging
 + Level 16.1 Stealth
 + Level 5.1 Spellcasting
 + Level 5.6 Hexes


You had 6 spell levels left.
You knew the following spells:

 Your Spells              Type           Power        Failure   Level  Hunger
a - Ensorcelled Hibernat  Hex/Ice        ##....       7%          2    #......
b - Corona                Hex            ###....      1%          1    None
c - Confuse               Hex            ###.....     4%          3    ###....
d - Tukima's Dance        Hex            ###.....     4%          3    ###....
e - Dazzling Spray        Conj/Hex       ##....       13%         3    ###....

Your spell library contained the following spells:

 Spells                   Type           Power        Failure   Level  Hunger
 Beastly Appendage        Tmut           #.....       14%         1    None
 Sticks to Snakes         Tmut           #.......     22%         2    #......
 Spider Form              Tmut/Pois      #.........   38%         3    ###....
 Ice Form                 Ice/Tmut       #.......     80%         4    ####...
 Blade Hands              Tmut           #.........   98%         5    ######.


Dungeon Overview and Level Annotations

Branches:
Dungeon (8/15)             Temple (0/1) D:4
   Lair: D:8-11

Altars:
Ashenzari
Cheibriados
Dithmenos
Elyvilon
Nemelex Xobeh
Okawaru
Qazlal
Sif Muna
Wu Jian
Yredelemnul
Zin
The Shining One

Annotations:
D:6 3 runed doors, PikkenKukken's ghost, novice DsTm
D:7 5 runed doors
D:8 exclusion: ice statue, Vakaro's ghost, novice SpEn


Innate Abilities, Weirdness & Mutations

You are very small and have problems with some larger weapons.
You are too small for most types of armour.
You have supernaturally acute eyesight. (SInv)
You are a herbivore.
You cover ground extremely quickly.
You need to consume almost no food.
You have a pair of small horns on your head.
You are clumsy. (Dex -2)
You have an increased reservoir of magic. (+10% MP)


Message History

Confirm with . or Enter, or press ? or * to list all spells.
Aiming: Confuse (safe; 4% risk of failure)
Press: ? - help, Shift-Dir - straight line, f/p - Vakaro's ghost
Aim: Vakaro's ghost, wielding a weapon of venom (umbra, chance to defeat MR: Vakaro's ghost resists with almost no effort.
You feel sick.
The bullfrog completely misses Vakaro's ghost.
Vakaro's ghost gestures at you while chanting.
The spray of energy hits you!
Ouch! That really hurt!
You emit a cloud of dark smoke.
You are confused.
You feel sick.
You're too confused to cast spells.
You bump into the rock wall.
You feel sick.
Vakaro's ghost points at you and mumbles some strange words.
The spray of energy hits you!
Ouch! That really hurt!
You die...

####
############§§###
#.#...§§§§§§#?§§#§§
#.....§W§§§§..§§§§§
#...#§§#§#§§..§§#§§
#. #..#§##§#F§§###
#@.#.##.#.§...#
#..#.##.#.....#
#..#.##.#.....#
#..#:.........$.
#..#....########
##..# #...# ##...#
###....#


You could see Vakaro's ghost.

Vanquished Creatures
  A hippogriff (D:7)
  A hungry ghost (D:7)
  Menkaure (D:7)
  An ice beast (D:7)
  3 sky beasts
  4 ogres
  2 centaurs (D:6)
  A bullfrog (D:6)
  A wyvern skeleton (D:7)
  A scorpion (D:5)
  2 howler monkeys (D:7)
  2 crimson imps (D:6)
  An orc priest (D:5)
  A hound (D:3)
  A jelly (D:6)
  3 orc wizards
  2 centaur skeletons
  An iron imp (D:5)
  5 worker ants
  A killer bee zombie (D:5)
  A hound zombie (D:7)
  A hound skeleton (D:4)
  7 adders
  5 gnolls
  2 oozes (D:1)
  A worm (D:3)
  4 dart slugs
  3 leopard geckos
  17 orcs
  4 giant cockroaches
  5 goblins
  10 hobgoblins
  7 kobolds
  2 quokkas (D:4)
  4 ball pythons
  3 bats
  4 frilled lizards
  2 gnoll zombies (D:3)
  A leopard gecko skeleton (D:6)
  6 rats
124 creatures vanquished.

Vanquished Creatures (collateral kills)
  2 gnolls (D:6)
2 creatures vanquished.

Grand Total: 126 creatures vanquished

Notes
Turn   | Place    | Note
-------+----------+-------------------------------------------
     0 | D:1      | Zesh the Spriggan Enchanter began the quest for the Orb.
     0 | D:1      | Reached XP level 1. HP: 9/9 MP: 5/5
   160 | D:1      | Reached XP level 2. HP: 13/13 MP: 7/7
   164 | D:1      | Learned a level 2 spell: Ensorcelled Hibernation
   764 | D:2      | Found a shadowy altar of Dithmenos.
   772 | D:2      | Became a worshipper of Dithmenos the Shadowed
   805 | D:2      | Found a sparkling altar of Nemelex Xobeh.
   817 | D:2      | Reached XP level 3. HP: 16/16 MP: 9/9
   822 | D:2      | Learned a level 3 spell: Confuse
   826 | D:2      | Learned a level 3 spell: Tukima's Dance
  1181 | D:2      | Reached XP level 4. HP: 21/21 MP: 3/11
  1702 | D:2      | Reached skill level 5 in Hexes
  2280 | D:2      | Learned a level 3 spell: Dazzling Spray
  2387 | D:3      | Reached * piety under Dithmenos
  2568 | D:3      | Reached skill level 5 in Stealth
  2568 | D:3      | Reached XP level 5. HP: 24/24 MP: 13/13
  3191 | D:3      | Noticed an ogre
  3217 | D:3      | Killed an ogre
  3217 | D:3      | Reached skill level 7 in Stealth
  3491 | D:3      | Found a basalt altar of Yredelemnul.
  3495 | D:3      | Reached XP level 6. HP: 28/28 MP: 10/14
  3757 | D:4      | Found a staircase to the Ecumenical Temple.
  3842 | D:4      | Found a glowing silver altar of Zin.
  3844 | D:4      | Reached ** piety under Dithmenos
  3882 | D:4      | Found a white marble altar of Elyvilon.
  3889 | D:4      | Found a glowing golden altar of the Shining One.
  3964 | D:4      | Reached skill level 8 in Stealth
  4207 | D:5      | Entered Level 5 of the Dungeon
  4245 | D:5      | Noticed a sky beast
  4251 | D:5      | Killed a sky beast
  4251 | D:5      | Reached skill level 9 in Stealth
  4464 | D:5      | Gained mutation: You have an increased reservoir of magic.
                  | (+10% MP) [potion of mutation]
  4464 | D:5      | Gained mutation: You are clumsy. (Dex -2) [potion of
                  | mutation]
  4464 | D:5      | Gained mutation: You have a pair of small horns on your
                  | head. [potion of mutation]
  4491 | D:5      | Noticed a sky beast
  4496 | D:5      | Killed a sky beast
  4496 | D:5      | Reached skill level 10 in Stealth
  4496 | D:5      | Reached XP level 7. HP: 32/32 MP: 16/16
  4824 | D:5      | Reached skill level 11 in Stealth
  4956 | D:5      | Found a snail-covered altar of Cheibriados.
  5140 | D:6      | Reached skill level 12 in Stealth
  5151 | D:6      | Found an ornate altar of the Wu Jian Council.
  5232 | D:6      | Reached XP level 8. HP: 14/36 MP: 12/17
  5433 | D:6      | Found a shattered altar of Ashenzari.
  5493 | D:6      | Reached skill level 13 in Stealth
  5506 | D:6      | Found a runed gate.
  5512 | D:6      | Found a runed gate.
  5513 | D:6      | Found a runed gate.
  5513 | D:6      | Noticed PikkenKukken's ghost (novice DsTm)
  5934 | D:7      | Noticed Menkaure
  5940 | D:7      | Killed Menkaure
  5940 | D:7      | Reached skill level 14 in Stealth
  5949 | D:7      | Reached *** piety under Dithmenos
  6681 | D:7      | Noticed a hippogriff
  6693 | D:7      | Killed a hippogriff
  6693 | D:7      | Reached skill level 15 in Stealth
  7195 | D:7      | Reached skill level 16 in Stealth
  7195 | D:7      | Reached XP level 9. HP: 39/39 MP: 12/18
  7648 | D:7      | Reached skill level 5 in Spellcasting
  7833 | D:7      | Found a runed door.
  7834 | D:7      | Found a runed gate.
  7841 | D:7      | Found the +9 staff of Olgreb {rPois}
  7847 | D:7      | Found a runed door.
  7868 | D:7      | Found a runed gate.
  7882 | D:7      | Found a runed gate.
  7929 | D:7      | Found a stormy altar of Qazlal.
  7929 | D:7      | Found a faded altar of an unknown god.
  7937 | D:7      | Found an iron altar of Okawaru.
  7941 | D:7      | Found a faded altar of an unknown god.
  7943 | D:7      | Found a deep blue altar of Sif Muna.
  8079 | D:8      | Noticed an ice statue
  8102 | D:8      | Found a runed door.
  8108 | D:8      | Noticed Vakaro's ghost (novice SpEn)
  8132 | D:8      | Killed from afar by Vakaro's ghost

Vault maps used:
D:1:      roderic_crossed_star
D:2:      lemuel_crystal_altar, grunt_dithmenos_smoke
D:3:      lemuel_zombie_altar_yredelemnul, hangedman_decor_slide_cut
D:4:      good_gods_mini_temple, minmay_temple_entry_mist
D:5:      slow_altar_2, first_ration
D:6:      cheibrodos_ashenzari_chains, kennysheep_mini_moat,
          ebering_ghost_rock_garden, kennysheep_generic_room_9
D:7:      chequers_temple_overflow_minitemple,
          minmay_guarded_unrand_staff_of_olgreb, uniq_menkaure
D:8:      minmay_statue_hallways, ebering_ghost_inner_flame, uniq_psyche

Skill      XL: |  1  2  3  4  5  6  7  8  9 |
---------------+----------------------------+-----
Spellcasting   | 3 4 5 |  5.1
Hexes          | 4 5 |  5.6
Stealth        | 5 7 10 12 16 | 16.1
Fighting       | |  0.5
Short Blades   | |  1.5
Dodging        | |  3.5

Action                   |  1- 3 |  4- 6 |  7- 9 || total
-------------------------+-------+-------+-------++-------
Melee: Dagger            |    65 |   115 |    79 ||   259
       Headbutt          |       |       |    10 ||    10
 Cast: Corona            |     2 |     1 |       ||     3
       Ensorcelled Hiber |    14 |    39 |    37 ||    90
       Confuse           |       |     3 |    25 ||    28
       Tukima's Dance    |       |     3 |     1 ||     4
       Dazzling Spray    |       |     2 |     3 ||     5
Evoke: Wand              |       |       |     6 ||     6
  Use: Scroll            |     5 |     9 |     3 ||    17
       Potion            |       |     1 |       ||     1
 Stab: Sleeping          |    15 |    36 |    26 ||    77
       Confused          |       |     3 |     8 ||    11
       Distracted        |       |     1 |     2 ||     3
       Invisible         |       |       |     2 ||     2
  Eat: Ration            |       |     2 |     3 ||     5
Armor: Robe              |     6 |     6 |    10 ||    22
Dodge: Dodged            |    49 |    85 |    77 ||   211

Table legend:
 A = Non-vault XP
 B = Vault XP
 C = Vault XP percentage of total XP
 D = Non-vault monster count
 E = Vault monster count
 F = Vault count percentage of total count
                 A         B        C        D         E       F
            +---------+---------+-------+---------+---------+-------
      Total |    3034 |     207 |   6.4 |     121 |       5 |   4.0
            +---------+---------+-------+---------+---------+-------
        D:1 |      40 |       0 |   0.0 |      15 |       0 |   0.0
        D:2 |      92 |       0 |   0.0 |      21 |       0 |   0.0
        D:3 |     297 |       2 |   0.7 |      29 |       2 |   6.5
        D:4 |      39 |       0 |   0.0 |       6 |       0 |   0.0
        D:5 |     673 |      39 |   5.5 |      18 |       1 |   5.3
        D:6 |     593 |       1 |   0.2 |      14 |       1 |   6.7
        D:7 |    1300 |     165 |  11.3 |      18 |       1 |   5.3
            +---------+---------+-------+---------+---------+-------
